 Dungeon Crawl Stone Soup version 0.31.0-1-g2c135a008e (webtiles) character file.

Game seed: 2982857785379521795

60 Fv001 the Shooter (level 4, 0/30 (33) HPs)
             Began as a Formicid Hunter on Jan 20, 2024.
             Slain by an orc
             ... wielding a +0 flail
              (5 damage)
             ... on level 2 of the Dungeon.
             The game lasted 00:06:15 (1095 turns).

Fv001 the Shooter (Formicid Hunter)                 Turns: 1095, Time: 00:06:15

HP:   0/30 (33)     AC:  5    Str: 18    XL:     4   Next: 25%
MP:   4/4           EV: 11    Int:  8    God:
Gold: 45            SH:  0    Dex: 17    Spells: 3/3 levels left

rFire   . . .        b - +0 short sword (vamp)
rCold   . . .        (no shield)
rNeg    . . .        g - +0 ring mail
rPois   .            (helmet unavailable)
rElec   .            (no cloak)
rCorr   .            (no gloves)
SInv    +            (no boots)
Will    .....        (no amulet)
Stlth   +            (no ring)
HPRegen 0.25/turn    (no ring)
MPRegen 0.09/turn

%: no passive effects
@: drained
A: permanent stasis, dig shafts and tunnels, antennae 3, four strong arms
a: Dig, Shaft Self


You were on level 2 of the Dungeon.
You visited 1 branch of the dungeon, and saw 3 of its levels.

You collected 100 gold pieces.
You spent 55 gold pieces at shops.

Inventory:

Hand Weapons
 a - a +0 shortbow
 b - a +0 vampiric short sword (weapon)
Armour
 g - a +0 ring mail (worn)
Jewellery
 c - a ring of wizardry
Scrolls
 d - a scroll of butterflies
 h - a scroll of vulnerability
 i - 2 scrolls of revelation
Potions
 f - a potion of resistance


   Skills:
 + Level 2.3 Fighting
 + Level 0.2 Maces & Flails
 + Level 5.3 Ranged Weapons
 + Level 0.7 Armour
 + Level 1.8 Dodging
 + Level 1.2 Stealth


You had 3 spell levels left.
You didn't know any spells.
Your spell library contained the following spells:

 Spells                   Type           Power      Damage    Failure   Level
 Stone Arrow              Conj/Erth      0%         3d7       93%         3
 Animate Armour           Summ/Erth      0%         N/A       100%        4
 Lehudib's Crystal Spear  Conj/Erth      0%         10d2      100%        8


Dungeon Overview and Level Annotations

Branches:
Dungeon (3/15)

Altars:

Shops:
D:1 ?((


Innate Abilities, Weirdness & Mutations

You cannot be hasted, slowed, berserked, paralysed or teleported.
You can dig through walls and to a lower floor.
You have a pair of large antennae on your head. (SInv)
Your four strong arms can wield two-handed weapons with a shield.


Message History

The orc is almost dead.
The orc misses you.
You hit the orc but do no damage.
The orc is almost dead.
The orc hits you with a +0 mace.
You hit the orc.
You kill the orc!
You hit the orc.
The orc is moderately wounded.
The orc barely misses you.
You closely miss the orc.
The orc is moderately wounded.
The orc hits you but does no damage.
You barely miss the orc.
The orc is moderately wounded.
The orc hits you with a +0 flail!
You hit the orc but do no damage.
The orc is moderately wounded.
The orc hits you with a +0 flail!
* * * LOW HITPOINT WARNING * * *
Okay, then.
Okay, then.
It was a potion of magic.
Magic courses through your body. The orc closely misses you.
Okay, then.
You aren't carrying any items that you can evoke.
You hit the orc.
You feel better.
The orc is almost dead.
The orc hits you with a +0 flail.
* * * LOW HITPOINT WARNING * * *
You hit the orc.
You feel better.
You kill the orc!
You hit the orc.
The orc is moderately wounded.
The orc hits you with a +0 flail.
* * * LOW HITPOINT WARNING * * *
You hit the orc.
You feel better.
The orc is severely wounded.
The orc hits you with a +0 flail.
You die...

..#........>....................#
..#........#######.###..........#
........#### ##...###......#####
##......# #........####.#
#....<..# ##...####.####.#
..###.### ##..### #...##.# .##
#.# ##)..# ###.##.# .# #.#
##..#### #..##.# .# #.##
#....#@## ##...#.# .#
#..####....##o####....#.# .#
##..#......o>).....#....# [#
##........##)#########...##### ##
#..#.....##..# #.......#
####.##.##..##.## #.......#
..#............# #.......#
............%### #.......#
....####....## #.......#


You could see an orc.

Vanquished Creatures
  An adder (D:2)
  3 dart slugs (D:1)
  4 orcs (D:2)
  4 ball pythons
  An endoplasm (D:1)
  3 giant cockroaches
  4 goblins
  4 hobgoblins
  A jackal (D:1)
  A quokka (D:1)
  5 bats
  2 frilled lizards (D:1)
  3 kobolds
  2 rats (D:2)
38 creatures vanquished.

Notes
Turn   | Place    | Note
-------+----------+-------------------------------------------
     0 | D:1      | Fv001 the Formicid Hunter began the quest for the Orb.
     0 | D:1      | Reached XP level 1. HP: 16/16 MP: 1/1
    50 | D:1      | Found Luedem's Weapon Boutique.
    82 | D:1      | Reached XP level 2. HP: 22/22 MP: 2/2
   111 | D:1      | Found Ubrack's Antique Weapon Shop.
   176 | D:1      | Reached XP level 3. HP: 27/27 MP: 3/3
   432 | D:1      | Found Isiudowkik's Magic Scroll Boutique.
   435 | D:1      | Bought a scroll of teleportation for 33 gold pieces
   435 | D:1      | Bought a scroll of identify for 22 gold pieces
   567 | D:2      | Reached skill level 5 in Ranged Weapons
   795 | D:2      | Reached XP level 4. HP: 33/33 MP: 4/4
  1095 | D:2      | Slain by an orc

Illustrated notes

Levels and vault maps discovered:
D:1:      dpeg_arrival_boxorama, layout_rooms, serial_shops, shop,
          nicolae_shop_rolled_up, shop, minmay_octomino_e4
D:2:      layout_rooms
D:3:      cheibrodos_thug_alley, layout_basic, minmay_misc_feat_more_columns,
          uniq_grinder

Skill      XL: |  1  2  3 |
---------------+----------+-----
Ranged Weapons | 5 |  5.3
Fighting       | |  2.3
Maces & Flails | |  0.2
Armour         | |  0.7
Dodging        | |  1.8
Stealth        | |  1.2

Action                     |  1- 3 |  4- 6 || total
---------------------------+-------+-------++-------
  Melee: Mace              |    14 |       ||    14
         Short sword       |    12 |    50 ||    62
         Punch             |     1 |       ||     1
   Fire: Shortbow          |    51 |     7 ||    58
Ability: Dig               |     2 |     1 ||     3
    Use: Scroll            |     4 |     1 ||     5
         Potion            |       |     1 ||     1
 Armour: Leather armour    |     3 |       ||     3
         Ring mail         |    21 |    26 ||    47
  Dodge: Dodged            |    34 |    39 ||    73
